 Dungeon Crawl Stone Soup version 0.31-a0-1139-gec03705108 (webtiles) character file.

Game seed: 2328286514053762146

195 Gynju the Shooter (level 5, -1/42 HPs)
             Began as a Minotaur Hunter on Dec 6, 2023.
             Was a Believer of Dithmenos.
             Slain by Edmund
             ... wielding a +2 flail of holy wrath
              (7 damage)
             ... on level 4 of the Dungeon.
             The game lasted 00:03:26 (2759 turns).

Gynju the Shooter (Minotaur Hunter)                 Turns: 2759, Time: 00:03:26

Health: -1/42      AC:  6    Str: 15    XL:     5   Next: 45%
Magic:  6/6        EV: 12    Int:  6    God:    Dithmenos [**....]
Gold:   212        SH:  0    Dex: 16    Spells: 4/4 levels left

rFire   . . .        a - +0 shortbow
rCold   . . .        (shield currently unavailable)
rNeg    . . .        c - +0 leather armour
rPois   .            (helmet restricted)
rElec   .            (no cloak)
rCorr   .            n - +0 pair of gloves
SInv    .            m - +1 pair of boots
Will    .....        i - amulet of the acrobat
Stlth   ++           (no ring)
HPRegen 0.27/turn    (no ring)
MPRegen 0.10/turn

%: acrobat
@: wreathed by umbra
A: horns 2, retaliatory headbutt
a: Renounce Religion, Shadow Step


You were on level 4 of the Dungeon.
You worshipped Dithmenos.
Dithmenos was pleased with you.
You visited 1 branch of the dungeon, and saw 4 of its levels.

You collected 212 gold pieces.

Inventory:

Hand Weapons
 a - a +0 shortbow (weapon)
 b - a +0 short sword of speed
Missiles
 u - 6 atropa-tipped darts
Armour
 c - a +0 leather armour (worn)
 m - a +1 pair of boots (worn)
 n - a +0 pair of gloves (worn)
Jewellery
 i - an amulet of the acrobat (around neck)
Wands
 s - a wand of light (10)
 v - a wand of mindburst (22)
Scrolls
 e - 3 scrolls of vulnerability {unknown}
 f - a scroll of identify {unknown}
 g - 3 scrolls of enchant armour {unknown}
 o - a scroll of butterflies
 p - 2 scrolls of amnesia {unknown}
 q - a scroll of fear {unknown}
 t - 2 scrolls of blinking {unknown}
Potions
 d - a potion of haste {unknown}
 j - 2 potions of magic {unknown}
 k - a potion of might {unknown}
 l - a potion of lignification {unknown}
 r - a potion of enlightenment {unknown}


   Skills:
 - Level 2.4 Fighting
 + Level 6.6 Ranged Weapons
 - Level 2.1 Dodging
 - Level 0.7 Stealth
 + Level 2.8 Invocations


You had 4 spell levels left.
You didn't know any spells.
Your spell library contained the following spells:

 Spells                   Type           Power      Damage    Failure   Level
 Necrotise                Necr           0%         1d4       52%         1
 Sting                    Tmut/Pois      0%         1d3       52%         1
 Cigotuvi's Dreadful Rot  Necr/Pois/Air  0%         N/A       67%         2
 Poisonous Vapours        Pois/Air       0%         N/A       67%         2
 Ignite Poison            Fire/Tmut/Pois 0%         N/A       88%         3
 Vampiric Draining        Necr           0%         2d6       88%         3
 Cause Fear               Hex            0%         N/A       99%         4
 Olgreb's Toxic Radiance  Pois           0%         N/A       99%         4
 Agony                    Necr           0%         N/A       100%        5
 Fireball                 Conj/Fire      0%         3d3       100%        5
 Freezing Cloud           Conj/Ice/Air   0%         6-21      100%        5
 Dragon's Call            Summ           0%         N/A       100%        9


Dungeon Overview and Level Annotations

Branches:
Dungeon (4/15)
 Temple: D:4-7

Altars:
Dithmenos

Annotations:
D:4 Edmund


Innate Abilities, Weirdness & Mutations

You have a pair of horns on your head.
You reflexively headbutt those who attack you in melee.


Message History

The arrow hits Edmund but does no damage.
Edmund is moderately wounded.
Edmund says, "I'm quite good with sums, too."
Edmund closely misses you.
You shoot an arrow. The arrow barely misses Edmund.
Edmund misses you.
You shoot an arrow. The arrow barely misses Edmund.
Edmund hits you with a +2 flail of holy wrath.
You shoot an arrow. The arrow hits Edmund.
Edmund is moderately wounded.
Edmund hits you with a +2 flail of holy wrath.
You shoot an arrow. The arrow hits Edmund.
Edmund is heavily wounded.
Edmund hits you with a +2 flail of holy wrath.
* * * LOW HITPOINT WARNING * * *
You shoot an arrow. The arrow barely misses Edmund.
Edmund hits you with a +2 flail of holy wrath.
* * * LOW HITPOINT WARNING * * *
Edmund barely misses you. You furiously retaliate!
You headbutt Edmund. You shoot an arrow.
The arrow hits Edmund but does no damage.
Edmund is heavily wounded.
Edmund barely misses you.
You shoot an arrow. The arrow hits Edmund.
Edmund is severely wounded.
Edmund barely misses you. You furiously retaliate!
You headbutt Edmund, but do no damage. You shoot an arrow.
The arrow hits Edmund.
Edmund is severely wounded.
Edmund hits you with a +2 flail of holy wrath.
* * * LOW HITPOINT WARNING * * *
You shoot an arrow. The arrow barely misses Edmund.
Edmund barely misses you.
You shoot an arrow.
The arrow hits Edmund but does no damage.
Edmund is severely wounded.
Edmund hits you but does no damage.
You shoot an arrow. The arrow hits Edmund.
Edmund is severely wounded.
Edmund hits you with a +2 flail of holy wrath!
You die...
Edmund whines, "They better pay attention to me now!"

#......#)#... #........#.
#......#.... #........#<
#......#...# #........#.
#......#...# #........#.
#......#...# #........#.
+......#...# #........#.
#..........# #........#.
###..........#..#.##+###.##
.........#@.....#.#...##.##
.........#@.##..#.....#....
.........#(.[# #.....#....
.........#(.## #.....#....
.........#.## #.....'....
.........#.. #.....#....
.........#..#####..######'#
#######'.#(.#.PP...........
#....)...####P.............


You could see Edmund.

Vanquished Creatures
  An orc priest (D:4)
  2 orc wizards (D:4)
  2 adders
  A gnoll (D:1)
  4 worms
  2 dart slugs
  5 orcs
  7 endoplasms
  3 giant cockroaches
  6 goblins
  4 hobgoblins
  5 quokkas
  7 ball pythons
  6 bats
  3 frilled lizards
  4 kobolds
  10 rats
72 creatures vanquished.

Notes
Turn   | Place    | Note
-------+----------+-------------------------------------------
     0 | D:1      | Gynju the Minotaur Hunter began the quest for the Orb.
     0 | D:1      | Reached XP level 1. HP: 18/18 MP: 0/0
    86 | D:1      | Found a faded altar of an unknown god.
   216 | D:1      | Reached XP level 2. HP: 22/25 MP: 1/1
   235 | D:1      | Reached skill level 5 in Ranged Weapons
   532 | D:1      | Reached XP level 3. HP: 30/30 MP: 2/2
   748 | D:1      | Prayed at the altar of an unknown god.
   748 | D:1      | Became a worshipper of Dithmenos the Shadowed
   748 | D:1      | Reached * piety under Dithmenos
  1291 | D:2      | Reached skill level 1 in Invocations
  1687 | D:3      | Reached XP level 4. HP: 37/37 MP: 3/3
  1687 | D:3      | Reached ** piety under Dithmenos
  1727 | D:3      | Reached skill level 6 in Ranged Weapons
  2643 | D:4      | Reached XP level 5. HP: 42/42 MP: 5/5
  2731 | D:4      | Noticed Edmund
  2759 | D:4      | Slain by Edmund

Illustrated notes

Levels and vault maps discovered:
D:1:      wander_arrival_lonely_grave, layout_basic,
          hellmonk_ecumenical_altar_zigzags, dk_noncrumbling_2
D:2:      layout_loops_ring, roderic_serpentine_path
D:3:      layout_basic, nicolae_twisty_statue_hallways
D:4:      layout_gridville, kennysheep_pointless_box, sigmund_edmund_badplayer

Skill      XL: |  1  2  3  4 |
---------------+-------------+-----
Ranged Weapons | 5 6 |  6.6
Invocations    | 1 2 |  2.8
Fighting       | |  2.4
Dodging        | |  2.1
Stealth        | |  0.7

Action                     |  1- 3 |  4- 6 || total
---------------------------+-------+-------++-------
   Fire: Shortbow          |   122 |    93 ||   215
  Throw: Dart              |       |     6 ||     6
 Armour: Leather armour    |     8 |    21 ||    29
  Dodge: Dodged            |    13 |    26 ||    39

Table legend: (Time is in decaauts)
 A = Elapsed time spent in this place.
 B = Non-inter-level travel time spent in this place.
 C = Inter-level travel time spent in this place.
 D = Time resting spent in this place.
 E = Time spent auto-exploring this place.
 F = Levels seen in this place.
 G = Mean time per level.
                   A        B        C        D        E       F      G
               +--------+--------+--------+--------+--------+-----+--------+
         Total |   2789 |   2723 |     66 |      0 |   2292 |   4 |  697.2 |
       Dungeon |   2789 |   2723 |     66 |      0 |   2292 |   4 |  697.2 |
               +--------+--------+--------+--------+--------+-----+--------+

Top non-repeatable levels by time:
     D:2: 845 daAuts
     D:1: 787 daAuts
     D:3: 586 daAuts
     D:4: 570 daAuts
